Map: Site Delta LE

Players

ShoulGhoul

  • Race: Zerg Zerg
  • League: Platinum
  • Spawn Location: 5:00

bread - Winner!

  • Race: Zerg Zerg
  • League: Platinum
  • Spawn Location: 11:00

VOD

Have the link to the VOD?

Description

Time

  • Played on: Sept. 22, 2024, 3:41 p.m.
  • Length: 9:29
Show
View Real Time Build Order
Export as new Build Order

ShoulGhoul Zerg 

Build Orders: Hatch First 

Get SALT Encoding   

  12  0:00  Drone  
  13  0:14  Overlord  
  13  0:17  Drone  
  14  0:32  Drone x2  
  16  0:48  Drone  
  17  0:53  Hatchery  
  17  0:54  Drone  
  17  1:09  Spawning Pool  
  16  1:12  Drone  
  16  1:16  Drone  
  18  1:20  Drone  
  18  1:22  Extractor  
  18  1:30  Drone  
  19  1:46  Overlord  
  19  1:58  Queen  
  19  1:59  Spine Crawler  
  19  2:01  Zergling x2  
  21  2:07  Spine Crawler  
  21  2:08  Zergling x4  
  22  2:15  Queen  
  23  2:33  Zergling x8  
  27  2:37  Spine Crawler  
  25  2:51  Queen  
  23  2:59  Metabolic Boost  
  23  3:06  Drone  
  23  3:07  Drone x2  
  24  3:16  Drone x3  
  27  3:22  Drone x2  
  24  3:43  Zergling x12  
  25  3:55  Spine Crawler  
  24  3:59  Zergling x2  
  24  4:00  Zergling x4  
  27  4:21  Hatchery  
  26  4:31  Drone x3  
  28  4:52  Spine Crawler  
  27  4:56  Overlord  
  27  5:05  Roach Warren  
  26  5:17  Zergling x2  
  26  5:18  Zergling x8  
  31  5:34  Overlord  
  31  5:38  Queen  
  31  5:39  Drone x2  
  31  5:40  Drone  
  36  5:53  Drone x2  
  36  5:54  Drone  
  36  5:56  Roach  
  41  5:59  Roach  
  38  6:20  Roach  
  38  6:21  Overlord x2  
  40  6:31  Spine Crawler  
  33  6:40  Drone x2  
  33  6:46  Roach x6  
  47  6:48  Roach  
  47  7:06  Queen  
  47  7:08  Roach  
  51  7:09  Overlord  
  51  7:17  Drone  
  52  7:26  Queen  
  50  7:36  Roach  
  50  7:37  Zergling x8  
  50  7:42  Queen  
  56  8:02  Queen  
  58  8:11  Zergling x10  
  59  8:14  Overlord  
  21  8:49  Zergling x22  
  21  8:53  Spine Crawler  
  21  8:54  Spine Crawler x2  
  27  8:57  Spine Crawler x3  
Show
View Real Time Build Order
Export as new Build Order

bread Zerg - Winner!

Build Orders: Pool First 

Get SALT Encoding   

  12  0:00  Drone  
  13  0:14  Extractor  
  12  0:26  Spawning Pool  
  12  0:27  Drone  
  12  0:34  Drone  
  13  0:37  Drone  
  14  0:52  Overlord  
  14  1:13  Queen  
  14  1:14  Zergling x6  
  19  1:25  Metabolic Boost  
  19  1:28  Zergling x2  
  20  1:39  Zergling x2  
  21  1:48  Zergling x2  
  22  2:02  Overlord  
  22  2:29  Zergling x10  
  26  2:40  Drone  
  25  2:53  Hatchery  
  24  3:04  Zergling x4  
  24  3:15  Drone, Roach Warren  
  24  3:16  Drone x3  
  26  3:37  Drone  
  26  3:38  Drone  
  26  3:43  Drone x2  
  28  3:49  Overlord x2  
  28  4:12  Queen  
  28  4:13  Drone x3  
  28  4:16  Roach  
  35  4:23  Queen  
  39  4:31  Roach x3  
  39  4:36  Drone  
  44  4:44  Roach x2  
  47  4:53  Roach x2  
  47  4:55  Overlord  
  47  4:58  Drone  
  52  5:07  Overlord  
  52  5:14  Ravager x3  
  55  5:23  Ravager  
  55  5:25  Zergling x8  
  55  5:26  Zergling x10  
  65  5:42  Roach  
  67  5:44  Drone  
  67  5:48  Extractor  
  67  5:51  Drone  
  67  5:52  Drone, Extractor  
  67  5:53  Overlord  
  67  5:54  Overlord x2  
  65  6:14  Roach x3  
  71  6:22  Roach  
  71  6:24  Zergling x2  
  71  6:25  Zergling x8  
  74  6:38  Zergling x6  
  73  6:47  Drone x2  
  71  7:03  Ravager  
  72  7:09  Hatchery  
  72  7:11  Drone x3  
  72  7:13  Drone  
  72  7:14  Roach  
  72  7:15  Roach x4  
  80  7:33  Roach  
  80  7:34  Roach x3  
  88  7:37  Drone  
  88  7:39  Evolution Chamber  
  88  7:57  Zergling x2  
  88  7:58  Zergling x6  
  91  8:10  Ravager  
  91  8:11  Ravager  
  92  8:17  Overlord  
  92  8:18  Overlord x5  
  92  8:30  Roach x2  
  92  8:31  Roach x2  
  92  8:39  Roach x4, Zergling x14  
  100  8:52  Extractor, Drone x3  
  100  8:54  Extractor  
Tags
 
Add a new tag
Caveats
  • Supply blocks, unpowered buildings, or Contaminate may cause inaccurate times.
  • Supply counts are checked every 10 seconds.